 Dungeon Crawl Stone Soup version 0.26-b1-59-ge38874ec40 (webtiles) character file.

Game seed: 6006490977185982565

9194 raceaflais the Carver (level 11, -6/69 HPs)
             Began as a Gargoyle Fighter on Jan 8, 2021.
             Was an Initiate of Gozag.
             Mangled by a large abomination (18 damage)
             ... while paralysed by a wizard
             ... on level 10 of the Dungeon.
             The game lasted 00:21:20 (12331 turns).

raceaflais the Carver (Gargoyle Fighter)           Turns: 12331, Time: 00:21:20

Health: -6/69      AC: 22    Str: 24    XL:     11   Next: 42%
Magic:  18/18      EV:  2    Int:  8    God:    Gozag
Gold:   1472       SH:  0    Dex:  9    Spells: 10/10 levels left

rFire    . . .     SeeInvis .   q - +1 great sword (venom)
rCold    . . .     Faith    .   (shield currently unavailable)
rNeg     + . .     Spirit   .   b - +0 scale mail
rPois    ∞         Reflect  +   d - +2 helmet
rElec    +         Harm     .   o - +0 cloak
rCorr    .         Rampage  .   i - +0 pair of gloves
Will     .....                  (no boots)
Stlth    +.........             s - amulet of reflection
HPRegen  0.21/turn              r - ring of magical power
MPRegen  0.16/turn              (no ring)

@: paralysed, gold aura
A: low mp 1, negative energy resistance 1, electricity resistance, unbreathing,
petrification resistance, miasma immunity, MP-powered wands, AC +8
a: Renounce Religion, Potion Petition, Call Merchant, Bribe Branch


You were on level 10 of the Dungeon.
You worshipped Gozag.
Gozag was most pleased with you.
You visited 1 branch of the dungeon, and saw 10 of its levels.
You also visited: Sewer.

You collected 1630 gold pieces.
You paid 158 gold pieces to Gozag.

Inventory:

Hand Weapons
 q - a +1 great sword of venom (weapon)
Armour
 b - a +0 scale mail (worn)
 d - a +2 helmet (worn)
 i - a +0 pair of gloves (worn)
 o - a +0 cloak (worn)
Magical Staves
 D - an uncursed staff of poison
Jewellery
 r - a ring of magical power (left hand)
 s - an amulet of reflection (around neck)
 E - an uncursed amulet of regeneration {unknown}
Wands
 f - a wand of disintegration (15)
 k - a wand of acid (7)
 m - a wand of iceblast (5)
 x - a wand of paralysis (10)
 y - a wand of random effects (64)
Scrolls
 a - 6 scrolls of fog
 c - a scroll of enchant armour
 e - 4 scrolls of teleportation
 g - a scroll of blinking
 h - 5 scrolls of remove curse
 j - a scroll of fear
 l - 8 scrolls of identify
 p - a scroll of immolation
 t - 3 scrolls of magic mapping
Potions
 n - a potion of heal wounds
 u - a potion of degeneration {unknown}
 v - 3 potions of magic
 w - a potion of brilliance
 z - a potion of flight
 A - 2 potions of curing
 B - a potion of cancellation {unknown}


   Skills:
 + Level 8.5 Fighting
 + Level 11.7 Long Blades
 + Level 7.9 Armour
 + Level 4.1 Dodging
 + Level 3.9 Stealth
 + Level 5.2 Shields


You had 10 spell levels left.
You didn't know any spells.
Your spell library contained the following spells:

 Spells                   Type           Power        Failure   Level
 Animate Skeleton         Necr           0%           67%         1
 Apportation              Tloc           0%           67%         1
 Corona                   Hex            0%           67%         1
 Summon Small Mammal      Summ           0%           67%         1


Dungeon Overview and Level Annotations

Branches:
Dungeon (10/15)            Temple (0/1) D:7            Lair (0/6) D:10
  Sewer (visited)
    Orc: D:9-12

Altars:
Ashenzari
Fedhas
Gozag
Hepliaklqana
Makhleb
Nemelex Xobeh
Qazlal
Uskayaw
Wu Jian
Xom
Yredelemnul

Shops:
D:4 :


Innate Abilities, Weirdness & Mutations

You are resistant to torment.
Your stone body is resilient. (AC +8)
You are immune to poison.
You resist negative energy. (rN+)
You are resistant to electric shocks. (rElec)
You can survive without breathing.
You are immune to petrification.
You are immune to miasma.
Your magical capacity is low. (-10% MP)
You expend magic power (3 MP) to strengthen your wands.


Message History

The wizard blinks!
The small abomination hits you but does no damage.
You hit the wizard.
The wizard is almost dead.
The wizard hits you but does no damage.
The small abomination barely misses you.
The wizard gestures at you while chanting.
You suddenly lose the ability to move!
The small abomination hits you! The wizard hits you but does no damage.
The small abomination hits you but does no damage.
The large abomination hits you. The wizard hits you but does no damage.
You kill the wizard!
The large abomination hits you!!
* * * LOW HITPOINT WARNING * * *
The small abomination hits you!
* * * LOW HITPOINT WARNING * * *
A small abomination comes into view.
The large abomination hits you!!
You die...
Your body crumbles into a pile of gold.

......#....##....#
..<...#..........#########
.####.#..........#........
......#....###'###>.......
#'#####....#..............
#....#######....##########
#....#######....#....#
#..........#....#X...#$
#....##....#..#.@x...#
#....##....#....#$...#
#..........#....#....#
#....############..X.#
#....#......# ....'x
#....'...##.# ....#..
#....#...##.# ##### #
+....#...##.#
#....#......###############


You could see 2 large abominations and 2 small abominations.

Vanquished Creatures
  Harold (D:9)
  Erolcha (D:9)
  A two-headed ogre (D:9)
  A wizard (D:10)
  The ghost of raceaflais the Cutter, a novice PaFi of Fedhas (D:4)
  A troll (D:10)
  A wyvern (D:9)
  A wraith (D:10)
  6 yaks (D:10)
  A hornet zombie (D:8)
  3 sky beasts
  3 orc warriors
  5 ice beasts
  6 ogres
  4 phantoms
  A necrophage (D:8)
  12 bullfrogs
  A gnoll sergeant (D:8)
  2 scorpions
  4 killer bees (D:9)
  An electric eel (D:8)
  3 howler monkeys
  2 bullfrog zombies
  A centaur zombie (D:9)
  6 hounds
  2 jellies
  2 bullfrog skeletons
  A centaur skeleton (D:4)
  4 orc priests
  Terence (D:3)
  4 iguanas
  6 orc wizards
  8 worker ants
  A howler monkey zombie (D:5)
  Robin (D:3)
  10 gnolls
  8 river rats
  23 adders
  A shadow imp (D:6)
  3 white imps
  2 ufetubi
  3 oozes
  An adder skeleton (D:4)
  2 worms
  4 dart slugs
  5 leopard geckos
  39 orcs
  7 giant cockroaches
  11 goblins
  3 hobgoblins
  13 jackals
  7 quokkas
  10 ball pythons (Sewer)
  5 bats
  9 frilled lizards
  7 kobolds
  A leopard gecko skeleton (D:9)
  33 rats
306 creatures vanquished.

Vanquished Creatures (others)
  A plant (D:8)
1 creature vanquished.

Grand Total: 307 creatures vanquished

Notes
Turn   | Place    | Note
-------+----------+-------------------------------------------
     0 | D:1      | raceaflais the Gargoyle Fighter began the quest for the
                  | Orb.
     0 | D:1      | Reached XP level 1. HP: 14/14 MP: 1/1
   181 | D:1      | Reached XP level 2. HP: 19/19 MP: 2/2
   452 | D:1      | Reached skill level 2 in Long Blades
   682 | D:2      | Reached XP level 3. HP: 24/24 MP: 3/3
   775 | D:2      | Found a hazy altar of Hepliaklqana.
   926 | D:2      | Reached XP level 4. HP: 28/29 MP: 4/4
  1672 | D:3      | Noticed Robin
  1687 | D:3      | Killed Robin
  2492 | D:3      | Reached XP level 5. HP: 20/33 MP: 5/5
  2495 | D:3      | Reached skill level 3 in Long Blades
  3356 | D:3      | Noticed Terence
  3366 | D:3      | Killed Terence
  3367 | D:3      | Reached skill level 1 in Dodging
  3367 | D:3      | Reached XP level 6. HP: 25/39 MP: 6/6
  3796 | D:4      | Found Kulat's Book Emporium.
  3870 | D:4      | Noticed a phantom
  3901 | D:4      | Killed a phantom
  4089 | D:4      | Reached skill level 4 in Long Blades
  4377 | D:4      | Reached XP level 7. HP: 44/44 MP: 7/7
  4400 | D:4      | Reached skill level 5 in Fighting
  4479 | D:4      | Found a shimmering altar of Xom.
  4567 | D:4      | Found a runed translucent gate.
  4569 | D:4      | Found a runed translucent gate.
  4570 | D:4      | Found a runed translucent gate.
  4572 | D:4      | Noticed raceaflais's ghost (novice PaFi)
  4583 | D:4      | Killed raceaflais's ghost
  4584 | D:4      | Reached skill level 5 in Long Blades
  4584 | D:4      | Reached skill level 5 in Armour
  4932 | D:4      | Reached XP level 8. HP: 42/51 MP: 8/8
  4949 | D:4      | Reached skill level 6 in Long Blades
  5448 | D:5      | Entered Level 5 of the Dungeon
  6008 | D:5      | Found a glowing drain.
  6025 | Sewer    | Entered a sewer
  6265 | Sewer    | Gained mutation: You are weak. (Str -2) [potion of
                  | mutation]
  6265 | Sewer    | Gained mutation: You passively map a small area around you.
                  | [potion of mutation]
  6273 | Sewer    | Reached skill level 7 in Long Blades
  7087 | D:6      | Reached XP level 9. HP: 56/56 MP: 9/9
  7089 | D:6      | Found a stormy altar of Qazlal.
  7266 | D:6      | Reached skill level 1 in Stealth
  7337 | D:6      | Found an opulent altar of Gozag.
  7515 | D:6      | Became a worshipper of Gozag Ym Sagoz the Greedy
  7562 | D:7      | Reached skill level 8 in Long Blades
  7630 | D:7      | Found a staircase to the Ecumenical Temple.
  8184 | D:7      | Noticed a two-headed ogre
  9034 | D:8      | Reached skill level 9 in Long Blades
  9226 | D:8      | Reached XP level 10. HP: 62/63 MP: 10/10
  9890 | D:8      | Found a blossoming altar of Fedhas.
  9914 | D:8      | Found a burning altar of Makhleb.
 10863 | D:9      | Found a basalt altar of Yredelemnul.
 10863 | D:9      | Found a hide-covered altar of Uskayaw.
 10864 | D:9      | Found a broken altar of Ashenzari.
 10912 | D:9      | Noticed a two-headed ogre
 10920 | D:9      | Killed a two-headed ogre
 10921 | D:9      | Reached skill level 10 in Long Blades
 11052 | D:9      | Noticed Harold
 11057 | D:9      | Found a sparkling altar of Nemelex Xobeh.
 11082 | D:9      | Killed Harold
 11287 | D:9      | Reached skill level 5 in Shields
 11347 | D:9      | Reached XP level 11. HP: 68/68 MP: 11/11
 11438 | D:9      | Noticed Erolcha
 11439 | D:9      | Lost mutation: You are weak. (Str -2) [potion of mutation]
 11439 | D:9      | Lost mutation: You passively map a small area around you.
                  | [potion of mutation]
 11439 | D:9      | Gained mutation: Your magical capacity is low. (-10% MP)
                  | [potion of mutation]
 11439 | D:9      | Gained mutation: You expend magic power (3 MP) to
                  | strengthen your wands. [potion of mutation]
 11444 | D:9      | Killed Erolcha
 11445 | D:9      | Reached skill level 11 in Long Blades
 11549 | D:9      | Found an ornate altar of the Wu Jian Council.
 11764 | D:10     | Entered Level 10 of the Dungeon
 12313 | D:10     | Found a staircase to the Lair.
 12320 | D:10     | Noticed a wizard
 12321 | D:10     | Noticed a large abomination
 12327 | D:10     | Paralysed by a wizard for 6 turns
 12330 | D:10     | Killed a wizard
 12331 | D:10     | Mangled by a large abomination

Illustrated notes

Levels and vault maps discovered:
D:1:      lightli_arrival_chessboard, layout_rooms, chequers_jeans,
          grunt_decor_mini_mirrors
D:2:      layout_loops_cross, lemuel_crystal_altar
D:3:      layout_basic, uniq_terence, uniq_robin
D:4:      layout_layer_cave, kennysheep_mini_moat, serial_shops,
          nicolae_shop_statue_plus, ebering_ghost_rock_garden
D:5:      layout_cave_pools, portal_sewer_entry_b
D:6:      layout_rooms, grunt_qazlal_clouds, nicolae_gozag_seed_capital
D:7:      layout_basic, minmay_temple_entry_antechambers,
          chequers_serial_rivers_large_a, lightli_corner_chamber
D:8:      layout_basic, nicolae_overflow_hidden_temple, lightli_temple_of_fire,
          serial_curves, eino_curves_01, eino_curves_03, serial_bayou_lagoon_a,
          onia_ninara_dug_in_and_dangerous
D:9:      layout_roguey, kennysheep_mini, nemelex_xobeh_ov_fountains_minmay,
          gammafunk_temple_overflow_claw, kennysheep_generic_room_3,
          uniq_harold, uniq_erolcha
D:10:     kennysheep_seaside_town, layout_stronghold, lair_entry_dummy,
          minmay_misc_feat_encased, fungi_pond_lemuel, laboratory

Skill      XL: |  1  2  3  4  5  6  7  8  9 10 11 |
---------------+----------------------------------+-----
Long Blades    | 2 3 4 5 7 9 10 11 | 11.7
Fighting       | 4 5 6 7 8 |  8.5
Armour         | 4 5 6 7 |  7.9
Dodging        | 1 2 3 4 |  4.1
Stealth        | 2 3 |  3.9
Shields        | 4 5 |  5.2

Action                   |  1- 3 |  4- 6 |  7- 9 | 10-12 || total
-------------------------+-------+-------+-------+-------++-------
Melee: Long sword        |    77 |    56 |       |       ||   133
       Great sword       |       |    98 |   400 |   225 ||   723
  Use: Scroll            |       |     7 |     9 |     3 ||    19
       Potion            |       |     7 |     9 |     7 ||    23
 Stab: Invisible         |       |       |     5 |     3 ||     8
       Distracted        |       |       |     1 |     1 ||     2
       Held in net/web   |       |       |       |     1 ||     1
Armor: Scale mail        |    42 |   139 |   349 |   153 ||   683
       Skin              |       |    32 |       |       ||    32
Dodge: Dodged            |    36 |   137 |   312 |   128 ||   613
Block: Kite shield       |    37 |    35 |       |       ||    72
       Other             |       |       |    33 |    55 ||    88
       Reflection        |       |       |     2 |     2 ||     4
       Rpst.: Long sword |    15 |     7 |       |       ||    22
       Great sword       |       |    34 |    97 |    36 ||   167
